General information
- name: BNet
- type: Ladder team game (AT/RT)
- host: Battle.net
- saver: SHIRT-EATER.
map: FullScaleAssault
- players: 8
- length: 65:28
- speed: Fast
- version: 1.26 W3XP
- replay type: Public
» download(406 KB)
Players
team 1 (winner)

»
spirit.hawk (
green | 66 APM | 4138 actions | 63:07)
7 Crypt Lord
3 Impale
3 Spiked Carapace
1 Locust Swarm
5 Death Knight
2 Death Coil
2 Unholy Aura
1 Death Pact
4 Lich
2 Frost Nova
2 Frost Armor
1 Mountain King
1 Bash
2 Paladin
2 Holy Light
» actions
| Assign group hotkey | 73 | |
| Basic commands | 192 | |
| Build / train | 149 | |
| Enter build submenu | 49 | |
| Enter hero's abilities submenu | 20 | |
| Give item / drop item | 3 | |
| Remove unit from queue | 29 | |
| Right click | 1522 | |
| Select / deselect | 731 | |
| Select group hotkey | 1234 | |
| Use ability | 134 | |
4138 total
» units
| Acolyte | 15 | |
| Ghoul | 4 | |
| Crypt Fiend | 20 | |
| Obsidian Statue | 10 | |
| Abomination | -1 | |
| Siege Engine | 8 | |
| Sorceress | 3 | |
| Priest | 6 | |
| Spell Breaker | 1 | |
66 total
» upgrades
| Backpack | 0 | |
| Creature Attack | 3 | |
| Creature Carapace | 3 | |
| Web | 1 | |
| Destroyer Form | 1 | |
| Priest Training | 1 | |
| Gunpowder | 1 | |
10 total
» buildings
| Crypt | 4 | |
| Ziggurat | 24 | |
| Altar of Darkness | 1 | |
| Graveyard | 1 | |
| Tomb of Relics | 2 | |
| Halls of the Dead | 2 | |
| Nerubian Tower | 2 | |
| Spirit Tower | 8 | |
| Necropolis | 2 | |
| Slaughterhouse | 1 | |
| Black Citadel | 1 | |
| Workshop | 2 | |
50 total
» build order
00:52 Crypt
00:54 Crypt
00:55 Ziggurat
01:00 Altar of Darkness
01:23 Graveyard
02:16 Ziggurat
02:27 Tomb of Relics
04:34 Ziggurat
06:15 Halls of the Dead
06:15 Halls of the Dead
06:37 Ziggurat
07:08 Ziggurat
08:00 Tomb of Relics
08:01 Nerubian Tower
08:02 Spirit Tower
08:22 Nerubian Tower
08:35 Ziggurat
08:48 Crypt
08:52 Necropolis
09:01 Necropolis
09:52 Slaughterhouse
10:34 Spirit Tower
10:35 Ziggurat
10:37 Ziggurat
10:48 Black Citadel
12:22 Spirit Tower
12:28 Ziggurat
14:26 Ziggurat
14:28 Ziggurat
16:20 Ziggurat
16:22 Ziggurat
16:23 Ziggurat
16:25 Ziggurat
17:11 Ziggurat
17:13 Ziggurat
17:13 Ziggurat
17:36 Ziggurat
17:38 Ziggurat
17:41 Spirit Tower
17:41 Spirit Tower
18:57 Crypt
20:11 Ziggurat
20:14 Ziggurat
21:03 Ziggurat
21:04 Ziggurat
24:51 Workshop
24:55 Workshop
37:46 Spirit Tower
» items
| Rod of Necromancy | 1 | |
| Sacrificial Skull | 1 | |
| Potion of Healing | 1 | |
| Scroll of Town Portal | 3 | |
6 total
swp51 (
yellow | 39 APM | 947 actions | 24:33)
3 Mountain King
2 Storm Bolt
1 Bash
2 Paladin
1 Holy Light
1 Divine Shield
» actions
| Assign group hotkey | 21 | |
| Basic commands | 30 | |
| Build / train | 102 | |
| ESC pressed | 1 | |
| Enter build submenu | 46 | |
| Enter hero's abilities submenu | 5 | |
| Give item / drop item | 1 | |
| Right click | 268 | |
| Select / deselect | 290 | |
| Select group hotkey | 106 | |
| Use ability | 77 | |
947 total
» units
| Peasant | 21 | |
| Sorceress | 3 | |
| Knight | 4 | |
| Spell Breaker | 7 | |
| Siege Engine | 2 | |
| Mortar Team | 13 | |
| Priest | 1 | |
51 total
» upgrades
| Lumber Harvesting | 2 | |
| Plating | 1 | |
| Barrage | 1 | |
| Sorceress Training | 2 | |
| Swords | 1 | |
| Animal War Training | 1 | |
| Gunpowder | 1 | |
| Fragmentation Shards | 1 | |
| Priest Training | 1 | |
11 total
» buildings
| Lumber Mill | 1 | |
| Farm | 13 | |
| Altar of Kings | 1 | |
| Scout Tower | 22 | |
| Barracks | 1 | |
| Blacksmith | 1 | |
| Arcane Tower | 4 | |
| Guard Tower | 10 | |
| Keep | 1 | |
| Arcane Vault | 2 | |
| Town Hall | 1 | |
| Castle | 1 | |
| Workshop | 2 | |
| Arcane Sanctum | 2 | |
62 total
» build order
00:24 Lumber Mill
01:24 Farm
01:53 Altar of Kings
02:17 Farm
02:35 Scout Tower
02:58 Barracks
03:04 Blacksmith
03:09 Scout Tower
03:11 Scout Tower
03:13 Scout Tower
03:14 Arcane Tower
03:26 Scout Tower
03:31 Scout Tower
03:33 Scout Tower
03:34 Scout Tower
03:36 Guard Tower
03:40 Guard Tower
03:46 Keep
03:53 Guard Tower
04:02 Guard Tower
04:08 Arcane Vault
04:14 Guard Tower
04:26 Farm
04:35 Scout Tower
04:42 Guard Tower
04:46 Scout Tower
05:06 Guard Tower
05:47 Arcane Tower
06:03 Town Hall
06:13 Castle
06:48 Farm
07:20 Scout Tower
07:31 Workshop
07:34 Arcane Sanctum
07:43 Farm
07:49 Guard Tower
07:52 Scout Tower
08:25 Arcane Sanctum
09:24 Farm
09:30 Farm
09:42 Farm
09:58 Arcane Tower
10:24 Farm
11:17 Arcane Vault
14:48 Scout Tower
15:23 Scout Tower
15:24 Scout Tower
15:25 Scout Tower
15:26 Scout Tower
15:27 Scout Tower
15:29 Scout Tower
15:30 Scout Tower
15:31 Scout Tower
15:32 Scout Tower
15:59 Guard Tower
16:01 Arcane Tower
16:44 Guard Tower
19:47 Workshop
21:40 Farm
22:28 Farm
22:45 Farm
23:18 Farm
» items
| Scroll of Regeneration | 2 | |
| Scroll of Town Portal | 4 | |
| Orb of Fire | 2 | |
| Potion of Healing | 3 | |
| Potion of Lesser Invulnerability | 3 | |
14 total
IamXxX (
purple | 29 APM | 1808 actions | 62:55)
7 Keeper of the Grove
3 Force of Nature
1 Thorns Aura
2 Entangling Roots
1 Tranquility
» actions
| Assign group hotkey | 5 | |
| Basic commands | 2 | |
| Build / train | 105 | |
| Enter build submenu | 34 | |
| Enter hero's abilities submenu | 7 | |
| Give item / drop item | 1 | |
| Remove unit from queue | 5 | |
| Right click | 757 | |
| Select / deselect | 726 | |
| Select group hotkey | 42 | |
| Use ability | 124 | |
1808 total
» units
| Wisp | 30 | |
| Archer | 8 | |
| Hippogryph | 22 | |
| Chimaera | 16 | |
76 total
» upgrades
| Strength of the Wild | 3 | |
| Reinforced Hides | 3 | |
| Corrosive Breath | 1 | |
| Well Spring | 1 | |
8 total
» buildings
| Altar of Elders | 2 | |
| Moon Well | 9 | |
| Ancient of War | 1 | |
| Tree of Ages | 1 | |
| Hunter's Hall | 1 | |
| Tree of Life | 1 | |
| Tree of Eternity | 1 | |
| Ancient of Wind | 2 | |
| Ancient Protector | 8 | |
| Chimaera Roost | 3 | |
| Ancient of Wonders | 1 | |
30 total
» build order
00:41 Altar of Elders
00:47 Moon Well
00:53 Moon Well
01:58 Ancient of War
04:45 Tree of Ages
04:53 Hunter's Hall
05:26 Moon Well
05:30 Moon Well
07:28 Tree of Life
07:47 Tree of Eternity
07:52 Ancient of Wind
07:56 Ancient of Wind
08:04 Moon Well
09:05 Moon Well
09:56 Ancient Protector
10:09 Ancient Protector
11:13 Chimaera Roost
11:16 Chimaera Roost
11:25 Ancient Protector
12:09 Chimaera Roost
15:05 Ancient of Wonders
15:13 Moon Well
16:19 Moon Well
18:10 Ancient Protector
27:38 Ancient Protector
27:44 Ancient Protector
27:48 Ancient Protector
28:44 Ancient Protector
54:56 Altar of Elders
56:02 Moon Well
» items
| Scroll of Town Portal | 3 | |
| Orb of Venom | 1 | |
4 total
jakeinvshisguil (
pink | 85 APM | 5556 actions | 65:28)
10 Blademaster
3 Wind Walk
3 Critical Strike
1 Bladestorm
3 Mirror Image
1 Paladin
1 Divine Shield
1 Lich
1 Frost Nova
» actions
| Assign group hotkey | 184 | |
| Basic commands | 218 | |
| Build / train | 178 | |
| ESC pressed | 14 | |
| Enter build submenu | 70 | |
| Enter hero's abilities submenu | 12 | |
| Give item / drop item | 16 | |
| Right click | 2744 | |
| Select / deselect | 541 | |
| Select group hotkey | 1204 | |
| Use ability | 375 | |
5556 total
» units
| Peon | 25 | |
| Grunt | 13 | |
| Goblin Shredder | 5 | |
| Goblin Zeppelin | 13 | |
| Wind Rider | 16 | |
| Goblin Sapper | 3 | |
| Troll Batrider | 2 | |
| Blue Dragon | 8 | |
| Blue Drake | 1 | |
86 total
» upgrades
| Armor | 3 | |
| Berserker Strength | 1 | |
| Melee Weapons | 3 | |
| Reinforced Defenses | 1 | |
| Envenomed Spears | 1 | |
| Liquid Fire | 1 | |
| Troll Regeneration | 1 | |
| Ranged Weapons | 3 | |
| Pillage | 1 | |
| Berserker Upgrade | 1 | |
| Ensnare | 1 | |
| Burning Oil | 1 | |
| Spiked Barricades | 3 | |
| Masonry | 2 | |
23 total
» buildings
| Orc Burrow | 6 | |
| Barracks | 1 | |
| Altar of Storms | 1 | |
| Voodoo Lounge | 1 | |
| Stronghold | 5 | |
| War Mill | 1 | |
| Great Hall | 3 | |
| Watch Tower | 53 | |
| Fortress | 4 | |
| Beastiary | 4 | |
79 total
» build order
00:11 Orc Burrow
00:51 Barracks
01:04 Altar of Storms
01:19 Orc Burrow
02:05 Voodoo Lounge
03:14 Orc Burrow
03:49 Stronghold
03:49 Stronghold
03:50 Stronghold
05:04 War Mill
05:22 Great Hall
06:39 Watch Tower
06:40 Watch Tower
07:05 Fortress
07:05 Fortress
07:05 Fortress
07:42 Watch Tower
07:43 Watch Tower
08:07 Watch Tower
08:38 Beastiary
08:40 Beastiary
08:56 Watch Tower
08:57 Watch Tower
08:57 Watch Tower
09:05 Watch Tower
09:06 Watch Tower
09:07 Watch Tower
10:00 Great Hall
12:17 Watch Tower
12:19 Watch Tower
12:21 Watch Tower
12:25 Watch Tower
12:38 Watch Tower
12:43 Watch Tower
13:04 Watch Tower
14:41 Watch Tower
14:42 Watch Tower
14:43 Watch Tower
14:44 Watch Tower
14:45 Watch Tower
15:02 Watch Tower
15:03 Watch Tower
15:05 Watch Tower
16:26 Watch Tower
16:26 Watch Tower
16:27 Watch Tower
16:28 Watch Tower
16:29 Watch Tower
17:20 Orc Burrow
17:25 Orc Burrow
17:50 Watch Tower
17:51 Watch Tower
17:53 Watch Tower
17:56 Watch Tower
18:03 Watch Tower
19:31 Watch Tower
19:33 Watch Tower
19:34 Watch Tower
19:35 Watch Tower
19:36 Watch Tower
19:37 Watch Tower
19:39 Watch Tower
19:40 Watch Tower
19:41 Watch Tower
19:43 Watch Tower
20:32 Watch Tower
23:26 Beastiary
23:30 Beastiary
30:40 Great Hall
31:21 Watch Tower
31:22 Watch Tower
31:23 Watch Tower
31:24 Watch Tower
31:42 Watch Tower
31:46 Watch Tower
53:19 Orc Burrow
» items
| Healing Salve | 4 | |
| Orb of Lightning | 1 | |
| Tiny Great Hall | 1 | |
| Orb of Corruption | 1 | |
| Lesser Clarity Potion | 5 | |
| Potion of Mana | 4 | |
| Potion of Healing | 1 | |
| Scroll of Town Portal | 2 | |
19 total
team 2 (loser)

»
AUDUSDB (
blue | 68 APM | 3391 actions | 50:10)
6 Demon Hunter
2 Evasion
3 Mana Burn
1 Metamorphosis
6 Keeper of the Grove
3 Entangling Roots
2 Thorns Aura
1 Tranquility
5 Priestess of the Moon
3 Trueshot Aura
2 Searing Arrows
» actions
| Assign group hotkey | 90 | |
| Basic commands | 193 | |
| Build / train | 129 | |
| ESC pressed | 2 | |
| Enter build submenu | 22 | |
| Enter hero's abilities submenu | 18 | |
| Give item / drop item | 8 | |
| Right click | 889 | |
| Select / deselect | 711 | |
| Select group hotkey | 1165 | |
| Use ability | 164 | |
3391 total
» units
| Wisp | 29 | |
| Archer | 13 | |
| Druid of the Talon | 6 | |
| Dryad | 3 | |
51 total
» upgrades
| Improved Bows | 1 | |
| Marksmanship | 1 | |
| Druid of the Talon Training | 2 | |
| Well Spring | 1 | |
| Moon Armor | 1 | |
| Reinforced Hides | 1 | |
| Mark of the Talon | 1 | |
| Strength of the Moon | 3 | |
| Strength of the Wild | 2 | |
| Abolish Magic | 1 | |
14 total
» buildings
| Moon Well | 7 | |
| Altar of Elders | 2 | |
| Ancient of War | 1 | |
| Tree of Ages | 2 | |
| Hunter's Hall | 1 | |
| Tree of Eternity | 1 | |
| Ancient of Wind | 2 | |
| Tree of Life | 6 | |
| Ancient of Lore | 1 | |
23 total
» build order
00:35 Moon Well
01:33 Altar of Elders
02:00 Ancient of War
02:17 Moon Well
02:57 Tree of Ages
03:13 Moon Well
04:08 Moon Well
04:44 Hunter's Hall
05:28 Tree of Eternity
05:31 Moon Well
06:49 Ancient of Wind
07:09 Ancient of Wind
10:28 Tree of Life
18:08 Tree of Life
23:10 Ancient of Lore
24:05 Tree of Life
29:02 Tree of Life
33:25 Tree of Life
35:06 Tree of Life
38:22 Moon Well
39:58 Altar of Elders
40:12 Moon Well
» items
| Scroll of Town Portal | 7 | |
| Periapt of Vitality | 6 | |
| Orb of Lightning | 6 | |
| Potion of Healing | 1 | |
| Circlet of Nobility | 2 | |
| Healing Salve | 1 | |
| Scroll of Protection | 5 | |
| Scroll of Healing | 2 | |
30 total
SmokesLetsGo (
teal | 49 APM | 3095 actions | 63:03)
9 Tauren Chieftain
3 War Stomp
3 Endurance Aura
1 Reincarnation
2 Shockwave
» actions
| Assign group hotkey | 25 | |
| Basic commands | 6 | |
| Build / train | 169 | |
| Enter build submenu | 16 | |
| Enter hero's abilities submenu | 10 | |
| Give item / drop item | 6 | |
| Remove unit from queue | 4 | |
| Right click | 1615 | |
| Select / deselect | 793 | |
| Select group hotkey | 279 | |
| Use ability | 172 | |
3095 total
» units
| Peon | 12 | |
| Troll Headhunter/Berserker | 30 | |
| Shaman | 10 | |
| Kodo Beast | 2 | |
| Troll Witch Doctor | 7 | |
| Troll Batrider | 41 | |
| Demolisher | 4 | |
106 total
» upgrades
| Ranged Weapons | 3 | |
| Armor | 3 | |
| Shaman Training | 2 | |
| Troll Regeneration | 1 | |
| Berserker Upgrade | 1 | |
| War Drums Damage Increase | 1 | |
| Envenomed Spears | 1 | |
| Spiked Barricades | 3 | |
| Witch Doctor Training | 2 | |
| Burning Oil | 1 | |
| Reinforced Defenses | 1 | |
| Liquid Fire | 1 | |
| Melee Weapons | 3 | |
| Ensnare | 1 | |
| Spirit Walker Training | 2 | |
| Pillage | 1 | |
| Backpack | 1 | |
| Berserker Strength | 1 | |
29 total
» buildings
| Altar of Storms | 1 | |
| Orc Burrow | 8 | |
| War Mill | 1 | |
| Barracks | 1 | |
| Voodoo Lounge | 1 | |
| Stronghold | 1 | |
| Spirit Lodge | 1 | |
| Beastiary | 1 | |
| Great Hall | 1 | |
| Fortress | 1 | |
17 total
» build order
00:20 Altar of Storms
00:29 Orc Burrow
00:53 War Mill
01:08 Barracks
02:39 Orc Burrow
02:44 Orc Burrow
03:15 Voodoo Lounge
03:27 Stronghold
05:15 Orc Burrow
05:49 Spirit Lodge
05:58 Beastiary
06:59 Great Hall
07:03 Fortress
18:33 Orc Burrow
18:35 Orc Burrow
27:54 Orc Burrow
27:57 Orc Burrow
» items
| Healing Salve | 4 | |
| Lesser Clarity Potion | 2 | |
| Scroll of Town Portal | 7 | |
| Orb of Lightning | 1 | |
| Potion of Healing | 1 | |
| Periapt of Vitality | 1 | |
| Circlet of Nobility | 2 | |
18 total

»
koala_es (
orange | 37 APM | 2209 actions | 59:22)
7 Dark Ranger
3 Black Arrow
3 Silence
1 Charm
5 Crypt Lord
2 Impale
3 Spiked Carapace
5 Pit Lord
3 Rain of Fire
1 Howl of Terror
1 Cleaving Attack
1 Demon Hunter
1 Immolation
» actions
| Assign group hotkey | 11 | |
| Basic commands | 10 | |
| Build / train | 109 | |
| Enter build submenu | 27 | |
| Enter hero's abilities submenu | 18 | |
| Give item / drop item | 7 | |
| Right click | 739 | |
| Select / deselect | 391 | |
| Select group hotkey | 739 | |
| Use ability | 158 | |
2209 total
» units
| Acolyte | 15 | |
| Ghoul | 5 | |
| Crypt Fiend | 7 | |
| Frost Wyrm | 8 | |
| Goblin Shredder | 1 | |
36 total
» upgrades
| Creature Attack | 3 | |
| Creature Carapace | 3 | |
| Web | 1 | |
| Burrow | 1 | |
| Freezing Breath | 1 | |
9 total
» buildings
| Ziggurat | 18 | |
| Altar of Darkness | 2 | |
| Crypt | 1 | |
| Graveyard | 1 | |
| Nerubian Tower | 5 | |
| Tomb of Relics | 2 | |
| Necropolis | 3 | |
| Spirit Tower | 6 | |
| Halls of the Dead | 1 | |
| Black Citadel | 1 | |
| Sacrificial Pit | 1 | |
| Boneyard | 4 | |
45 total
» build order
00:32 Ziggurat
00:35 Altar of Darkness
00:40 Crypt
01:10 Ziggurat
01:17 Graveyard
02:00 Nerubian Tower
02:34 Tomb of Relics
02:53 Ziggurat
05:07 Necropolis
05:42 Ziggurat
06:12 Ziggurat
06:14 Ziggurat
06:42 Spirit Tower
06:56 Halls of the Dead
07:31 Nerubian Tower
07:33 Spirit Tower
07:50 Nerubian Tower
09:10 Ziggurat
09:11 Ziggurat
09:17 Black Citadel
10:08 Sacrificial Pit
10:18 Tomb of Relics
10:20 Ziggurat
11:34 Spirit Tower
13:19 Boneyard
13:20 Boneyard
13:24 Boneyard
13:25 Boneyard
18:21 Spirit Tower
19:20 Ziggurat
19:22 Ziggurat
19:23 Ziggurat
20:24 Nerubian Tower
20:25 Spirit Tower
23:15 Ziggurat
23:19 Ziggurat
25:53 Nerubian Tower
25:54 Spirit Tower
30:52 Ziggurat
34:14 Altar of Darkness
34:46 Ziggurat
34:50 Ziggurat
47:24 Necropolis
50:27 Necropolis
52:40 Ziggurat
» items
| Rod of Necromancy | 1 | |
| Sacrificial Skull | 1 | |
| Dust of Appearance | 1 | |
| Scroll of Town Portal | 6 | |
| Potion of Healing | 11 | |
| Boots of Speed | 2 | |
| Periapt of Vitality | 3 | |
| Scroll of Healing | 2 | |
| Orb of Corruption | 1 | |
| Healing Salve | 2 | |
30 total
SHIRT-EATER. (
red | 59 APM | 3861 actions | 65:28)
10 Blademaster
3 Wind Walk
3 Critical Strike
1 Bladestorm
3 Mirror Image
» actions
| Assign group hotkey | 38 | |
| Basic commands | 28 | |
| Build / train | 82 | |
| Enter build submenu | 34 | |
| Enter hero's abilities submenu | 11 | |
| Give item / drop item | 3 | |
| Remove unit from queue | 1 | |
| Right click | 1967 | |
| Select / deselect | 420 | |
| Select group hotkey | 1056 | |
| Use ability | 221 | |
3861 total
» units
| Peon | 14 | |
| Goblin Shredder | 3 | |
| Wind Rider | 12 | |
| Goblin Zeppelin | 1 | |
| Blue Dragon | 5 | |
| Troll Batrider | 3 | |
38 total
» upgrades
| Reinforced Defenses | 1 | |
| Envenomed Spears | 1 | |
| Ranged Weapons | 2 | |
| Armor | 2 | |
| Ensnare | 1 | |
| Melee Weapons | 1 | |
8 total
» buildings
| Altar of Storms | 1 | |
| Orc Burrow | 6 | |
| Voodoo Lounge | 2 | |
| Stronghold | 2 | |
| War Mill | 2 | |
| Fortress | 2 | |
| Beastiary | 4 | |
| Great Hall | 6 | |
| Watch Tower | 42 | |
67 total
» build order
00:07 Altar of Storms
00:30 Orc Burrow
01:00 Voodoo Lounge
02:10 Stronghold
02:29 War Mill
02:44 Orc Burrow
02:45 Orc Burrow
02:46 Orc Burrow
05:19 Fortress
05:23 Beastiary
05:27 Beastiary
08:54 Great Hall
09:09 Watch Tower
09:09 Watch Tower
09:09 Watch Tower
09:10 Watch Tower
09:42 Watch Tower
09:43 Watch Tower
09:43 Watch Tower
09:45 Watch Tower
09:45 Watch Tower
09:46 Watch Tower
10:18 Watch Tower
10:18 Watch Tower
10:20 Watch Tower
10:24 Watch Tower
12:28 Great Hall
12:34 Watch Tower
12:34 Watch Tower
12:35 Watch Tower
12:35 Watch Tower
12:35 Watch Tower
12:40 Watch Tower
12:41 Watch Tower
13:06 Beastiary
13:37 Orc Burrow
13:44 Orc Burrow
14:47 Watch Tower
14:48 Watch Tower
16:02 Stronghold
16:10 Watch Tower
16:10 Watch Tower
16:11 Watch Tower
18:04 Beastiary
18:11 Watch Tower
18:11 Watch Tower
18:12 Watch Tower
18:13 Watch Tower
18:13 Watch Tower
18:14 Watch Tower
18:57 Fortress
19:55 Great Hall
20:31 Watch Tower
20:31 Watch Tower
22:13 Watch Tower
24:04 Great Hall
27:17 War Mill
28:44 Great Hall
29:56 Watch Tower
29:56 Watch Tower
29:56 Watch Tower
29:57 Watch Tower
29:58 Watch Tower
29:58 Watch Tower
30:53 Watch Tower
52:23 Great Hall
52:26 Voodoo Lounge
» items
| Healing Salve | 5 | |
| Lesser Clarity Potion | 2 | |
| Boots of Speed | 1 | |
| Staff of Teleportation | 1 | |
| Scroll of Town Portal | 8 | |
| Orb of Lightning | 1 | |
| Tiny Great Hall | 1 | |
| Potion of Healing | 1 | |
20 total
Chat log
(00:09 / Allies) SmokesLetsGo: TC and HH
(00:49 / Allies) SHIRT-EATER.: getting both island expos u blue can get the other 2
(01:06 / Allies) AUDUSDB: I will mass aa
(01:11 / Allies) SHIRT-EATER.: me 2
(01:22 / Allies) AUDUSDB: whos getting melee ?
(01:31 / Allies) koala_es: not me
(01:33 / Allies) SmokesLetsGo: umm
(01:36 / Allies) SmokesLetsGo: not me
(01:39 / Allies) SmokesLetsGo: i already said hh
(01:44 / Allies) SHIRT-EATER.: one of u get melee
(01:45 / Allies) AUDUSDB: its fine
(01:50 / Allies) AUDUSDB: We dont need melee
(01:53 / Allies) koala_es: unit red?
(03:41 / Allies) SHIRT-EATER.: i would prefer to have shredder 2 since im getting both islands
(03:49 / Allies) AUDUSDB: ok
(04:26 / Allies) AUDUSDB: lets get it
(04:31 / Allies) SHIRT-EATER.: k thx
(05:59 / Allies) AUDUSDB: take this expo ?
(06:12 / Allies) SHIRT-EATER.: if u take it tower choke so its safe
(06:44 / Allies) SHIRT-EATER.: u the guy from australia wut happened to ur other acct
(07:53 / Allies) SHIRT-EATER.: green there
(07:54 / Allies) AUDUSDB: low hp CL
(09:55 / Allies) koala_es: thx
(10:00 / Allies) AUDUSDB: np
(11:18 / Allies) AUDUSDB: teal
(11:19 / Allies) AUDUSDB: wtyf
(14:05 / Allies) AUDUSDB: b
(14:09 / Allies) AUDUSDB: too many
(14:15 / Allies) AUDUSDB: b
(18:37 / Allies) AUDUSDB: lets go red
(20:50 / Allies) koala_es: b
(20:52 / Allies) SHIRT-EATER.: b
(21:35 / Allies) koala_es: wood pls
(21:46 / Allies) koala_es: thx
(22:28 / Allies) koala_es: b
(22:28 / Allies) koala_es: b
(22:37 / Allies) SHIRT-EATER.: come to me
(22:59 / Allies) AUDUSDB: gold me red
(24:20 / All) jakeinvshisguil: even 125 ms latency is too much
(25:07 / Allies) AUDUSDB: gold me red
(25:49 / All) jakeinvshisguil: lmao
(25:57 / All) jakeinvshisguil: yellow has a tower wall and his noob ass never got masonry upgrade
(26:02 / Allies) AUDUSDB: gold me red man
(27:06 / Allies) AUDUSDB: anyone gold me ?
(27:24 / Allies) AUDUSDB: ty
(27:49 / Allies) SmokesLetsGo: ready to hit?
(29:26 / Allies) koala_es: red come?
(29:47 / Allies) koala_es: b
(29:47 / Allies) koala_es: b
(29:59 / All) jakeinvshisguil: RAPE LOL
(29:59 / Allies) SmokesLetsGo: well
(30:05 / Allies) koala_es: is he playing????
(30:06 / Allies) SHIRT-EATER.: we got this
(30:08 / Allies) SmokesLetsGo: glad you guys are just sitting in base with your thumbs up your ass
(30:09 / Allies) SHIRT-EATER.: sorry was o pnoe
(30:14 / All) jakeinvshisguil: I HAVE 21,000 GOLD HOW MUCH DO YOU NOOBS HAVE
(30:19 / Allies) AUDUSDB: gold me red
(30:25 / All) spirit.hawk: hes not kidding
(31:10 / Allies) koala_es: b
(31:10 / Allies) koala_es: b
(31:16 / Allies) koala_es: mass bats
(31:17 / Allies) SHIRT-EATER.: tp if they hit oj or me
(33:31 / Allies) koala_es: gold?
(33:35 / Allies) AUDUSDB: share gold red
(33:56 / Allies) koala_es: gold red pls
(34:12 / Allies) AUDUSDB: ty
(34:13 / Allies) AUDUSDB: more plz
(34:29 / All) SHIRT-EATER.: tired of purple's
(34:30 / All) SHIRT-EATER.: hippos
(34:33 / Allies) SHIRT-EATER.: lets hit yellow wall
(34:47 / All) IamXxX: :(
(34:51 / Allies) SmokesLetsGo: we missed the boat
(34:53 / Allies) SmokesLetsGo: we could have won earlier
(34:58 / Allies) SmokesLetsGo: but you all were just sitting in base
(35:02 / Allies) SHIRT-EATER.: we fine pink is just towering
(35:04 / Allies) SHIRT-EATER.: its 3v3
(35:35 / Allies) koala_es: gold red pls?
(35:44 / All) IamXxX: most difficult game i've played
(35:46 / All) IamXxX: çpç
(35:50 / All) IamXxX: LOL
(35:53 / Allies) SHIRT-EATER.: get back
(35:54 / Allies) SHIRT-EATER.: dude
(35:56 / Allies) SHIRT-EATER.: too many towers
(36:01 / All) SHIRT-EATER.: wut u mean
(36:49 / Allies) SHIRT-EATER.: its dead
(37:51 / Allies) koala_es: gold pls red
(38:21 / Allies) koala_es: dude you have 16000
(38:26 / Allies) koala_es: b
(38:27 / Allies) koala_es: b
(38:27 / Allies) SHIRT-EATER.: we won relax
(39:26 / Allies) SHIRT-EATER.: 1k each gonna finish green main now
(39:37 / Allies) SmokesLetsGo: we lose
(39:40 / Allies) SmokesLetsGo: their army is better
(39:44 / Allies) SHIRT-EATER.: naw
(39:47 / Allies) SHIRT-EATER.: we won
(39:49 / Allies) koala_es: kk they will win this one
(39:49 / Allies) SHIRT-EATER.: they suck ass
(40:51 / Allies) SHIRT-EATER.: i made purp tp lets finsih them
(42:55 / Allies) SHIRT-EATER.: we can take green and yellow if u guys dont split like tht
(43:13 / Allies) koala_es: we lost all while you seated at base
(43:18 / Allies) SHIRT-EATER.: we are fine
(43:21 / Allies) SHIRT-EATER.: pink just has towers
(43:35 / Allies) SHIRT-EATER.: come gonna own green
(43:35 / Allies) koala_es: and we couldnt rebuild since you didnt share gold when needed
(45:23 / All) jakeinvshisguil: man I think I loaned my gold to noobs
(45:59 / Allies) AUDUSDB: HEAL
(46:28 / All) koala_es: ha ha ha
(46:30 / All) jakeinvshisguil: you're going to pay for that bitch
(49:01 / All) AUDUSDB: RED IS TROLL
(49:07 / All) AUDUSDB: HE TKS
(49:14 / All) SHIRT-EATER.: i didnt tk.
(49:29 / All) AUDUSDB: RED IS AS SHIT AS PINK
(49:37 / All) AUDUSDB: 2 NOOB BM
(49:38 / All) jakeinvshisguil: ha ha ha
(50:08 / Allies) koala_es: the fuck you play red????
(50:42 / Allies) koala_es: are you going to feed me for heros red?
(51:01 / Allies) SHIRT-EATER.: ya
(51:03 / Allies) SHIRT-EATER.: tavern revive
(51:19 / Allies) koala_es: need base for food first
(53:17 / Allies) SHIRT-EATER.: told u guys, we had this
(53:19 / Allies) koala_es: need more gold for heros
(53:41 / All) jakeinvshisguil: problem with a mana pool like having 800 mana on a bm
(53:46 / All) jakeinvshisguil: is you never can manage to recharge all that shit
(53:48 / Allies) koala_es: 130 more
(56:52 / All) jakeinvshisguil: ha ha ha
(57:18 / Allies) koala_es: dude if you b
(57:23 / Allies) koala_es: just say it
(57:30 / Allies) koala_es: 3 time in a row
(61:15 / All) jakeinvshisguil: Good thing green shared control a while back and never took it away
(61:19 / All) jakeinvshisguil: makes killing his army real easy
(61:28 / All) SmokesLetsGo: wait...
(61:31 / All) SmokesLetsGo: are you THOSE two guys?
(61:35 / All) SHIRT-EATER.: lawl
(61:37 / All) jakeinvshisguil: oh
(61:40 / All) jakeinvshisguil: his team didn't all leave
(61:41 / All) jakeinvshisguil: Yes we are
(61:43 / All) SmokesLetsGo: this is duffman
(61:43 / All) jakeinvshisguil: Listen up everyone
(61:47 / All) SmokesLetsGo: god damnit
(61:49 / All) SHIRT-EATER.: i think i remember duffman
(61:52 / All) jakeinvshisguil: We are going to kill everything including our own units
(61:56 / All) SmokesLetsGo: you guys got me 2 nights in a row
(61:58 / All) jakeinvshisguil: and you will all have equal chances at victory
(62:06 / All) jakeinvshisguil: you can leave your PCs on all night for the win
(62:07 / All) SmokesLetsGo: hadn't seen you for weeks
(62:09 / All) jakeinvshisguil: Red and me were working together
(62:10 / All) SmokesLetsGo: so i thought you quit
(62:12 / All) jakeinvshisguil: sound fair?
(62:18 / All) jakeinvshisguil: Nay teal, we are always playing, we have been forever
(62:19 / All) spirit.hawk: sounds boring as shit
(62:20 / All) SmokesLetsGo: i know the drill, i ain't playing your game
(62:23 / All) jakeinvshisguil: and will be till battle.net goes down
(62:27 / All) jakeinvshisguil: lawl
(62:33 / All) SmokesLetsGo: you guys are like the little guy from saw
(62:42 / All) SHIRT-EATER.: teal has to die for that insult
(62:53 / All) jakeinvshisguil: teal lose?
(62:54 / All) SmokesLetsGo: haha
(62:57 / All) SmokesLetsGo: well, have fun guys
(63:03 / All) spirit.hawk: lol whatevr i been sitting too long peace
(63:08 / All) jakeinvshisguil: Green lose
(63:10 / All) jakeinvshisguil: or
(63:16 / All) SHIRT-EATER.: damn they all left quick
(63:19 / All) jakeinvshisguil: the lose is up to us now
(63:20 / All) jakeinvshisguil: lawl
(63:23 / All) SHIRT-EATER.: um
(63:24 / All) jakeinvshisguil: none of them would've stayed for standoff
(63:25 / All) SHIRT-EATER.: let me stats
(63:32 / All) jakeinvshisguil: I don't have anything against my team so stats I guess
(63:34 / All) SHIRT-EATER.: I know it was irrelevant if ojs heroes were alive
(63:38 / All) jakeinvshisguil: green 319-327
(63:44 / All) jakeinvshisguil: yellow 207-36
(63:50 / All) jakeinvshisguil: purple 23-23
(63:59 / All) jakeinvshisguil: orange 135-142
(64:05 / All) SHIRT-EATER.: um
(64:07 / All) jakeinvshisguil: blue 83-89
(64:09 / All) jakeinvshisguil: all losing records
(64:35 / All) SHIRT-EATER.: teal 10-4 plus they close to 50/50 rec
(64:46 / All) SHIRT-EATER.: my team?
(65:10 / All) jakeinvshisguil: yeah
(65:13 / All) jakeinvshisguil: teal lose
(65:15 / All) SHIRT-EATER.: was u rteam pricks? Mine wer enice
(65:20 / All) jakeinvshisguil: mine didn't say much